 Dungeon Crawl Stone Soup version 0.20-a0-351-gc9b4002 (webtiles) character file.

134 HarryHood the Skirmisher (level 4, -9/44 HPs)
             Began as a Draconian Abyssal Knight on Dec 26, 2016.
             Was a Believer of Lugonu.
             Mangled by Sigmund
             ... wielding a +0 scythe
              (12 damage)
             ... on level 4 of the Dungeon.
             The game lasted 00:13:07 (2951 turns).

HarryHood the Skirmisher (Draconian Abyssal Knight) Turns: 2951, Time: 00:13:08

Health: -9/44      AC:  8    Str: 14    XL:     4   Next: 95%
Magic:  5/5        EV: 12    Int: 12    God:    Lugonu [**....]
Gold:   187        SH:  0    Dex: 12    Spells: 3/3 levels left

rFire  . . .     SeeInvis .     a - +1 mace
rCold  . . .     Gourm    .     (armour unavailable)
rNeg   . . .     Faith    .     (no shield)
rPois  .         Spirit   .     (helmet restricted)
rElec  .         Reflect  .     (no cloak)
rCorr  +         Harm     .     m - +0 pair of gloves
MR     .....                    g - +1 pair of boots
Stlth  +.........               (no amulet)
                                (no ring)
                                q - ring of resist corrosion

@: no status effects
A: unfitting armour, cold-blooded, AC +5
a: Depart the Abyss, Bend Space, Renounce Religion


You were on level 4 of the Dungeon.
You worshipped Lugonu.
Lugonu was pleased with you.
You were not hungry.

You visited 1 branch of the dungeon, and saw 4 of its levels.
You visited the Abyss 1 time.

You collected 187 gold pieces.

Inventory:

Hand Weapons
 a - a +1 mace (weapon)
Armour
 g - a +1 pair of boots (worn)
 m - a +0 pair of gloves (worn)
Jewellery
 q - a ring of resist corrosion (left hand)
Scrolls
 d - a scroll of fear
 k - a scroll of fog
 n - 3 scrolls of noise {unknown}
 o - a scroll of teleportation
Potions
 c - a potion of curing {@q2}
 e - a potion of heal wounds {@q1}
 h - 2 potions of lignification {!q}
Comestibles
 b - 2 bread rations {@e1}
 f - a slice of pizza {@e2}
 i - 3 meat rations {@e1}
 j - a chunk of flesh
 l - a royal jelly {!*}
 p - 3 fruits {@e2}


   Skills:
 - Level 6.0 Fighting
 * Level 2.4 Maces & Flails
 - Level 2.1 Dodging
 - Level 2.0 Invocations


You had 3 spell levels left.
You didn't know any spells.

Dungeon Overview and Level Annotations

Branches:
Dungeon (4/15)
 Temple: D:4-7

Altars:

Annotations:
D:4 Sigmund


Innate Abilities, Weirdness & Mutations

Your plain brown scales are hard. (AC +5)
You cannot fit into any form of body armour.
You are cold-blooded and may be slowed by cold attacks.


Message History

Something hits you!
* * * LOW HITPOINT WARNING * * *
You open the door.
There is an open door here.
You hear some strange, mumbled words.
A magic dart appears from out of thin air!
The magic dart hits you!
* * * LOW HITPOINT WARNING * * *
You hit something.
You hear some strange, mumbled words.
A puff of flame appears from out of thin air!
The puff of flame hits you!
* * * LOW HITPOINT WARNING * * *
Something barely misses you.
There is an open door here.
Something hits you.
* * * LOW HITPOINT WARNING * * *
There is an open door here.
You open the door. Something hits you!
You die...

### #............'....
#.#####..######..##....
#....##..##.#######....
#........#...#.........
#........#...#.........
##...##..#)..#...##....
#####....##..##..#...##....
#...#....##>.##..######....
#........'@..##..##..##....
#...##...##..'.......##....
#...##...##..##......##....
#...+....##..##..##........
#...##....#..###%# ...
#...##...##......+ .
#...##...###'##..#
#..>.#...##..##..#
#....#.......##..#


There were no monsters in sight!

Vanquished Creatures
  6 adders
  An adder zombie (D:3)
  2 worms (D:2)
  A dart slug (D:1)
  4 orcs (D:3)
  2 ball pythons
  3 giant cockroaches
  3 goblins (D:3)
  9 hobgoblins
  5 jackals
  12 kobolds
  A quokka (D:2)
  8 bats
  4 frilled lizards
  3 rats
64 creatures vanquished.

Notes
Turn   | Place    | Note
-------+----------+-------------------------------------------
     0 | Abyss:1  | HarryHood the Draconian Abyssal Knight began the quest for the Orb.
     0 | Abyss:1  | Reached XP level 1. HP: 19/19 MP: 2/2
    11 | D:1      | Escaped the Abyss
   286 | D:1      | Reached skill level 4 in Fighting
   286 | D:1      | Reached XP level 2. HP: 14/27 MP: 3/3
  1183 | D:2      | Reached XP level 3. HP: 23/34 MP: 4/4
  1429 | D:2      | Reached skill level 5 in Fighting
  1603 | D:2      | Reached ** piety under Lugonu
  1772 | D:2      | Reached XP level 4. HP: 41/42 MP: 5/5
  2334 | D:3      | Reached skill level 6 in Fighting
  2931 | D:4      | Noticed Sigmund
  2951 | D:4      | Mangled by Sigmund

Vault maps used:
D:1:      dpeg_arrival_rooms_b, minivault_14
D:2:      first_bread, columned_hall_lemuel
D:4:      uniq_sigmund

Skill      XL: |  1  2  3  4 |
---------------+-------------+-----
Fighting       | 4 5 6 |  6.0
Maces & Flails | |  2.4
Dodging        | |  2.1
Invocations    | |  2.0

Action                   |  1- 3 |  4- 6 || total
-------------------------+-------+-------++-------
Melee: Whip              |   259 |       ||   259
       Tailslap          |    24 |    13 ||    37
       Mace              |     1 |   108 ||   109
Invok: Bend Space        |     1 |       ||     1
  Use: Scroll            |     8 |     4 ||    12
 Stab: Sleeping          |     1 |       ||     1
  Eat: Chunk             |     3 |     4 ||     7
Armor: Skin              |   127 |    55 ||   182
Dodge: Dodged            |   223 |    83 ||   306
